 Dungeon Crawl Stone Soup version 0.31.0-11-ge490571c62 (webtiles) character file.

Game seed: 15990681320580818583

802 qw the Nimble (level 7, -7/35 HPs)
             Began as a Spriggan Hunter on Feb 5, 2024.
             Engulfed by a cloud of steam (9 damage)
             ... on level 5 of the Dungeon.
             The game lasted 00:01:31 (3055 turns).

qw the Nimble (Spriggan Hunter)                     Turns: 3055, Time: 00:01:31

Health: -7/35      AC:  6    Str:  6    XL:     7   Next: 59%
Magic:  0/8        EV: 25    Int:  9    God:
Gold:   256        SH:  0    Dex: 25    Spells: 6/6 levels left

rFire   . . .        a - +1 shortbow
rCold   . . .        (shield currently unavailable)
rNeg    + . .        c - +0 robe
rPois   .            (helmet restricted)
rElec   .            (no cloak)
rCorr   .            (gloves unavailable)
SInv    +            (boots unavailable)
Will    +....        l - amulet of guardian spirit
Stlth   ++           f - ring of positive energy
HPRegen 0.25/turn    k - +4 ring of protection
MPRegen 0.11/turn

%: guardian spirit
@: very quick
A: very small, no large weapons, unfitting armour, see invisible, speed 3, agile
1, subdued magic 1
a: no special abilities


You were on level 5 of the Dungeon.
You visited 1 branch of the dungeon, and saw 5 of its levels.

You collected 256 gold pieces.


Innate Abilities, Weirdness & Mutations

You are very small and have problems with some larger weapons.
You are too small for most types of armour.
You have supernaturally acute eyesight. (SInv)
You cover ground extremely quickly. (Speed+++)
You are agile. (Dex +4, Str/Int -1)
Your spells are a little easier to cast, but a little less powerful.


   Skills:
 - Level 2.0 Fighting
 + Level 7.3 Ranged Weapons
 - Level 8.0 Dodging
 - Level 1.5 Stealth


You had 6 spell levels left.
You didn't know any spells.
Your spell library was empty.

Inventory:

Hand Weapons
 a - a +1 shortbow (weapon)
Armour
 c - a +0 robe (worn)
Jewellery
 f - a ring of positive energy (left hand)
 k - a +4 ring of protection (right hand)
 l - an amulet of guardian spirit (around neck)
Wands
 n - a wand of flame (38)
Potions
 b - a potion of might
 d - a potion of enlightenment
 e - a potion of mutation
 h - a potion of heal wounds {unknown}
 j - a potion of haste {unknown}

Dungeon Overview and Level Annotations

Branches:
Dungeon (5/15)
 Temple: D:4-7

Altars:
Qazlal
Ru
Sif Muna
Uskayaw

Annotations:
D:4 3 runed translucent doors, qw's ghost, amateur DEHu


Message History

The arrow hits the steam dragon but does no damage.
The steam dragon is severely wounded.
The steam dragon misses you. The steam dragon closely misses you.
You shoot an arrow. The arrow hits the steam dragon.
The steam dragon is severely wounded.
The steam dragon breathes steam at you. The ball of steam hits you!
You shoot an arrow.
The arrow closely misses the steam dragon.
You are engulfed in a cloud of scalding steam.
The steam dragon completely misses you. x2
You shoot an arrow.
The arrow closely misses the steam dragon.
You are engulfed in a cloud of scalding steam.
The steam dragon bites you but does no damage.
The steam dragon completely misses you.
You shoot an arrow.
The arrow hits the steam dragon but does no damage.
The steam dragon is severely wounded.
You are engulfed in a cloud of scalding steam.
The steam dragon completely misses you. The steam dragon claws you.
You shoot an arrow.
The arrow closely misses the steam dragon.
You are engulfed in a cloud of scalding steam.
The steam dragon completely misses you. The steam dragon closely misses you.
You shoot an arrow. The arrow hits the steam dragon.
The steam dragon is almost dead.
You are engulfed in a cloud of scalding steam.
The steam dragon completely misses you. x2
You shoot an arrow.
The arrow barely misses the steam dragon.
The steam dragon completely misses you. The steam dragon misses you.
You shoot an arrow. The arrow hits the steam dragon.
The steam dragon is almost dead.
The steam dragon breathes steam at you. The ball of steam misses you.
You shoot an arrow. The arrow hits the steam dragon.
You kill the steam dragon!
You are engulfed in a cloud of scalding steam.
You die...

#########
#..(....#
#.#####
#.....#
#.¤##.#
###¤.##.#
+.@..<.>#
#.#####...#
#. #.# .. #
#.. ...
.#.# .#.


There were no monsters in sight!

Vanquished Creatures
  Sigmund (D:3)
  A steam dragon (D:5)
  A black bear (D:4)
  A howler monkey (D:4)
  A jelly (D:4)
  5 orc priests (D:3)
  2 hounds (D:4)
  2 iguanas (D:4)
  4 gnolls (D:3)
  8 adders
  A ribbon worm (D:2)
  2 dart slugs
  8 orcs
  10 ball pythons
  2 bats
  6 endoplasms
  3 giant cockroaches
  7 goblins
  12 hobgoblins
  10 jackals
  5 quokkas
  4 frilled lizards
  10 kobolds
  3 rats
109 creatures vanquished.

Notes
Turn   | Place    | Note
-------+----------+-------------------------------------------
     0 | D:1      | qw the Spriggan Hunter began the quest for the Orb.
     0 | D:1      | Reached XP level 1. HP: 10/10 MP: 2/2
     0 | D:1      | 0 ||| qw: Version: 0.3-a-160-g6735b56
     0 | D:1      | 0 ||| qw: Game counter: 6568
     0 | D:1      | 0 ||| qw: Melee chars always use a shield: true
     0 | D:1      | 0 ||| qw: God list: Okawaru
     0 | D:1      | 0 ||| qw: Allow faded altars: false
     0 | D:1      | 0 ||| qw: Do Orc after clearing Dungeon:15 true
     0 | D:1      | 0 ||| qw: Do second Lair branch before Depths: true
     0 | D:1      | 0 ||| qw: Lair rune preference: random
     0 | D:1      | 0 ||| qw: Goals: Normal
     0 | D:1      | 0 ||| PLANNING D:1-11
    22 | D:1      | Reached skill level 3 in Dodging
   163 | D:1      | Reached XP level 2. HP: 14/14 MP: 3/3
   169 | D:1      | Reached skill level 4 in Dodging
   351 | D:1      | Reached XP level 3. HP: 18/18 MP: 4/4
   554 | D:1      | 554 ||| UPGRADING to ring of positive energy.
   555 | D:1      | 555 ||| UPGRADING to +4 ring of protection.
   556 | D:1      | 556 ||| READING scroll labelled RUDAIG HOOLID.
   560 | D:1      | 560 ||| READING 4 scrolls labelled FUXUKU KITIU.
   561 | D:1      | 561 ||| READING scroll labelled RIBLEWN TACH.
   561 | D:1      | 561 ||| IDENTIFYING black potion
   562 | D:1      | 562 ||| DROPPING scroll of butterflies.
   563 | D:1      | 563 ||| DROPPING 3 scrolls of poison.
   565 | D:1      | 565 ||| Stepping ~*~*~tactically~*~*~ (cloud).
   569 | D:1      | HP: 4/18 [poisoned by you (poison gas)]
   573 | D:1      | HP: 1/18 [poisoned by you (poison gas)]
   702 | D:2      | You fall into a shaft and drop 2 floors!
   732 | D:4      | Reached XP level 4. HP: 9/22 MP: 5/5
   898 | D:4      | Reached skill level 5 in Dodging
   913 | D:4      | 913 ||| READING scroll labelled PEXTAIH MYORO.
   914 | D:4      | 914 ||| READING scroll labelled NOMORCHOZXOT.
   914 | D:4      | 914 ||| ENCHANTING +0 shortbow.
   987 | D:3      | Reached XP level 5. HP: 25/25 MP: 6/6
  1172 | D:2      | 1172 ||| FLEEEEING.
  1689 | D:2      | 1689 ||| UPGRADING to amulet of guardian spirit.
  1694 | D:2      | 1694 ||| READING scroll of identify.
  1694 | D:2      | 1694 ||| IDENTIFYING murky pink potion
  1695 | D:2      | 1695 ||| DRINKING 2 lumpy pink potions.
  1695 | D:2      | Gained mutation: Your spells are a little easier to cast,
                  | but a little less powerful. [potion of mutation]
  1695 | D:2      | Gained mutation: You are agile. (Dex +4, Str/Int -1)
                  | [potion of mutation]
  1850 | D:3      | Found a stormy altar of Qazlal.
  1856 | D:3      | Found a sacrificial altar of Ru.
  1861 | D:3      | Found a shimmering blue altar of Sif Muna.
  1901 | D:3      | Reached skill level 6 in Dodging
  1911 | D:3      | Reached XP level 6. HP: 29/30 MP: 7/7
  1972 | D:3      | Noticed Sigmund
  1973 | D:3      | 1973 ||| RETREEEEATING.
  1975 | D:3      | 1975 ||| FLEEEEING.
  1979 | D:3      | Reached skill level 6 in Ranged Weapons
  1999 | D:3      | Killed Sigmund
  2000 | D:3      | Reached skill level 8 in Dodging
  2000 | D:3      | Reached XP level 7. HP: 28/35 MP: 6/8
  2252 | D:3      | Found a hide-covered altar of Uskayaw.
  2484 | D:3      | 2484 ||| READING scroll labelled GEERUNW ICWUTI.
  2485 | D:3      | 2485 ||| READING scroll labelled JATIGO FAMAB.
  2486 | D:3      | 2486 ||| READING scroll labelled LENEWN ISYITH.
  2486 | D:3      | 2486 ||| ENCHANTING +1 shortbow.
  2487 | D:3      | 2487 ||| Stepping randomly (stuck).
  2962 | D:4      | Found a runed translucent gate.
  2963 | D:4      | Found a runed translucent gate.
  2963 | D:4      | Identified the +9 short sword "Undertaker" {venom, *Noise
                  | Dex+4 Stlth+}
  2963 | D:4      | Identified the +1 scale mail of Ohuho {rC++ Int-2 Slay+2}
  2964 | D:4      | Found a runed translucent gate.
  2966 | D:4      | Noticed qw's ghost (amateur DEHu)
  2983 | D:4      | 2983 ||| READING scroll of identify.
  2983 | D:4      | 2983 ||| IDENTIFYING silvery potion
  2984 | D:4      | 2984 ||| READING scroll labelled TOIHUE SONWA.
  2985 | D:4      | 2985 ||| READING scroll labelled TEGOVA ANGE.
  2986 | D:4      | 2986 ||| DROPPING potion of lignification.
  3029 | D:5      | Entered Level 5 of the Dungeon
  3039 | D:5      | Noticed a steam dragon
  3050 | D:5      | HP: 8/35 [steam dragon] (2)]
  3052 | D:5      | HP: 1/35 [steam dragon] (4)]
  3055 | D:5      | Killed a steam dragon
  3055 | D:5      | Engulfed by a cloud of steam

Levels and vault maps discovered:
D:1:      lightli_arrival_flooded_house, layout_loops_ring, minmay_pentomino_w4
D:2:      layout_basic
D:3:      layout_basic, nicolae_uskayaw_suspiria,
          minmay_overflow_temple_star_quad, uniq_sigmund
D:4:      layout_basic, biasface_ghost_orc_armoury
D:5:      kennysheep_steamy, layout_basic, mainiacjoe_overflow_24_doors,
          lemuel_doored_altar, mainiacjoe_overflow_two_lobes,
          mainiacjoe_overflow_large_starburst, minmay_temple_entry_purple_smoke,
          gammafunk_ghost_hive, minivault_4

Skill      XL: |  1  2  3  4  5  6  7 |
---------------+----------------------+-----
Dodging        | 3 4 5 6 8 |  8.0
Ranged Weapons | 5 6 7 |  7.3
Fighting       | 2 |  2.0
Stealth        | |  1.5

Action                     |  1- 3 |  4- 6 |  7- 9 || total
---------------------------+-------+-------+-------++-------
   Fire: Shortbow          |    90 |   170 |    73 ||   333
    Use: Scroll            |     3 |     3 |     6 ||    12
         Potion            |       |     1 |       ||     1
 Armour: Robe              |    11 |    13 |    16 ||    40
  Dodge: Dodged            |    60 |    86 |    40 ||   186

Table legend:
 A = Non-vault XP
 B = Vault XP
 C = Vault XP percentage of total XP
 D = Non-vault monster count
 E = Vault monster count
 F = Vault count percentage of total count
                 A         B        C        D         E       F
            +---------+---------+-------+---------+---------+-------
      Total |    1083 |     250 |  18.8 |     102 |       7 |   6.4
            +---------+---------+-------+---------+---------+-------
        D:1 |      35 |      11 |  23.9 |      20 |       6 |  23.1
        D:2 |      90 |       0 |   0.0 |      22 |       0 |   0.0
        D:3 |     333 |     239 |  41.8 |      32 |       1 |   3.0
        D:4 |     438 |       0 |   0.0 |      27 |       0 |   0.0
        D:5 |     187 |       0 |   0.0 |       1 |       0 |   0.0
            +---------+---------+-------+---------+---------+-------
